 Dungeon Crawl Stone Soup version 0.30-a0-585-g93115170b9 (webtiles) character file.

Game seed: 3613419893012242467

87 Ijustatesigmund the Firebug (level 4, 0/34 HPs)
             Began as a Barachi Fire Elementalist on Jan 2, 2023.
             Killed from afar by an orc (2 damage)
             ... with a puff of flame
             ... on level 3 of the Dungeon.
             The game lasted 00:03:21 (2319 turns).

Ijustatesigmund the Firebug (BaFE)                  Turns: 2319, Time: 00:03:22

Health: 0/34       AC:  2    Str: 11    XL:     4   Next: 51%
Magic:  2/7        EV: 12    Int: 16    God:
Gold:   78         SH:  0    Dex: 12    Spells: 4/7 levels left

rFire   + . .      SeeInvis .    c - +1 hand axe
rCold   . . .      Faith    .    (no shield)
rNeg    . . .      Spirit   .    a - +0 robe
rPois   .          Reflect  .    (no helmet)
rElec   .          Harm     .    (no cloak)
rCorr   .          Rampage  .    (no gloves)
Will    .....                    (no boots)
Stlth   ++                       (no amulet)
HPRegen 0.25/turn                i - ring of protection from fire
MPRegen 0.10/turn                (no ring)

@: on berserk cooldown, slowed, very slow
A: amphibious, slowness 1, strong legs 1, +LOS
a: Hop


You were on level 3 of the Dungeon.
You visited 1 branch of the dungeon, and saw 3 of its levels.

You collected 78 gold pieces.

Inventory:

Hand Weapons
 c - a +1 hand axe (weapon)
Armour
 a - a +0 robe (worn)
Jewellery
 i - a ring of protection from fire (left hand)
 n - an amulet of reflection
Scrolls
 e - 2 scrolls of teleportation
 g - a scroll of enchant weapon
 k - a scroll of amnesia {unknown}
 l - a scroll of poison {unknown}
Potions
 b - a potion of magic
 d - a potion of brilliance
 f - 2 potions of flight


   Skills:
 + Level 2.6 Fighting
 - Level 2.1 Dodging
 - Level 1.7 Stealth
 - Level 2.1 Spellcasting
 + Level 2.7 Conjurations
 + Level 4.2 Fire Magic


You had 4 spell levels left.
You knew the following spells:

 Your Spells              Type           Power      Damage    Failure   Level
a - Foxfire               Conj/Fire      48%        2x1d6     4%          1
b - Scorch                Fire           30%        2d6       5%          2

Your spell library contained the following spells:

 Spells                   Type           Power      Damage    Failure   Level
 Inner Flame              Hex/Fire       8%         N/A       26%         3
 Sublimation of Blood     Necr           1%         N/A       30%         2
 Wereblood                Tmut           1%         N/A       30%         2
 Kindle Blastsparks       Fire/Tloc/Air  12%        2d11      34%         3
 Flame Wave               Conj/Fire      12%        2d6       43%         4
 Summon Hydra             Summ           0%         N/A       100%        7


Dungeon Overview and Level Annotations

Branches:
Dungeon (3/15)

Altars:


Innate Abilities, Weirdness & Mutations

You are amphibious.
You cover ground slowly.
You can hop short distances.
You have an extended range of vision and can be seen from far away.


Message History

* * * LOW HITPOINT WARNING * * *
It was a potion of berserk rage.
A red film seems to cover your vision as you go berserk!
You feel yourself moving faster!
You feel mighty!
You hear some strange, mumbled words.
A magic dart appears from out of thin air!
The magic dart hits you.
* * * LOW HITPOINT WARNING * * *
You bump into the rock wall.
You feel a strong urge to attack something.
You feel less confused.
You barely miss something. Something hits you.
* * * LOW HITPOINT WARNING * * *
You hit something. Something hits you.
* * * LOW HITPOINT WARNING * * *
You miss something. You slash the goblin!
You kill the goblin!
You hear some strange, mumbled words.
You are confused.
You completely miss something.
You are no longer berserk.
You are exhausted.
You feel yourself slow down. Something hits you but does no damage.
You bump into the rock wall.
An orc comes into view.
It is wielding a +2 flail of venom and carrying a wand of flame (28).
Something hits you.
* * * LOW HITPOINT WARNING * * *
Something hits you.
* * * LOW HITPOINT WARNING * * *
The orc shouts!
You hit something but do no damage.
You hear an angry hiss.
Something hits you.
* * * LOW HITPOINT WARNING * * *
You're too confused to move!
Something hits you.
* * * LOW HITPOINT WARNING * * *
Something completely misses you.
You feel less confused.
The orc zaps a wand.
The puff of flame hits you. You resist.
You die...

#.######.#.)...⌠....#
# #.#..........#
#...###......#
#.............#
#.............#
......>.......#
#.........#####
.......#o###
.......#.@.##
###.#.####{)# #.#.
##†# . .. #.# .
.........# .........#
.........# .........#
o....†...#


You could see an orc.

Vanquished Creatures
  An iguana (D:3)
  An adder (D:3)
  4 dart slugs
  An orc (D:3)
  5 bats
  3 endoplasms
  2 giant cockroaches
  9 hobgoblins
  2 quokkas (D:1)
  A ball python (D:1)
  2 frilled lizards
  5 goblins
  2 kobolds
  2 rats
40 creatures vanquished.

Vanquished Creatures (others)
  90 foxfires
90 creatures vanquished.

Grand Total: 130 creatures vanquished

Notes
Turn   | Place    | Note
-------+----------+-------------------------------------------
     0 | D:1      | Ijustatesigmund the Barachi Fire Elementalist began the
                  | quest for the Orb.
     0 | D:1      | Reached XP level 1. HP: 13/13 MP: 3/3
   193 | D:1      | Reached skill level 1 in Fighting
   193 | D:1      | Reached XP level 2. HP: 21/21 MP: 1/5
   198 | D:1      | Learned a level 2 spell: Scorch
   522 | D:1      | You fall into a shaft and drop 1 floor!
   879 | D:1      | Reached XP level 3. HP: 26/26 MP: 3/6
  1446 | D:2      | Found a faded altar of an unknown god.
  1941 | D:3      | Reached skill level 4 in Fire Magic
  1941 | D:3      | Reached XP level 4. HP: 8/34 MP: 0/7
  2319 | D:3      | Killed from afar by an orc

Illustrated notes

Levels and vault maps discovered:
D:1:      wander_arrival_fairy_ring, layout_loops_ring
D:2:      layout_loops_corners, shapermc_ecumenical_altar_totnotflames
D:3:      layout_rooms, minmay_misc_feat_square, hangedman_feature_mirror

Skill      XL: |  1  2  3 |
---------------+----------+-----
Fighting       | 1 2 |  2.6
Conjurations   | 2 |  2.7
Fire Magic     | 4 |  4.2
Dodging        | |  2.1
Stealth        | |  1.7
Spellcasting   | |  2.1

Action                   |  1- 3 |  4- 6 || total
-------------------------+-------+-------++-------
Melee: Hand axe          |    20 |     8 ||    28
 Cast: Foxfire           |    44 |    16 ||    60
       Scorch            |     2 |     4 ||     6
  Use: Scroll            |       |     4 ||     4
       Potion            |       |     2 ||     2
 Stab: Sleeping          |     1 |       ||     1
Armor: Robe              |     5 |     3 ||     8
Dodge: Dodged            |    23 |     3 ||    26

Table legend: (Time is in decaauts)
 A = Elapsed time spent in this place.
 B = Non-inter-level travel time spent in this place.
 C = Inter-level travel time spent in this place.
 D = Time resting spent in this place.
 E = Time spent auto-exploring this place.
 F = Levels seen in this place.
 G = Mean time per level.
                   A        B        C        D        E       F      G
               +--------+--------+--------+--------+--------+-----+--------+
         Total |   2604 |   2574 |     30 |    198 |   2046 |   3 |  868.0 |
       Dungeon |   2604 |   2574 |     30 |    198 |   2046 |   3 |  868.0 |
               +--------+--------+--------+--------+--------+-----+--------+

Top non-repeatable levels by time:
     D:2: 1089 daAuts
     D:1: 1045 daAuts
     D:3: 469 daAuts
